 Dungeon Crawl Stone Soup version 0.32-a0-666-ge8a88695a4 (webtiles) character file.

Game seed: 1211680450222074251

1227 sokol815 the Trooper (level 8, -7/57 (60) HPs)
             Began as an Octopode Fighter on Mar 10, 2024.
             Was an Initiate of Gozag.
             Mangled by an acid dragon (9 damage)
             ... while paralysed by Maggie
             ... on level 6 of the Dungeon.
             The game lasted 00:11:01 (4586 turns).

sokol815 the Trooper (Octopode Fighter)             Turns: 4586, Time: 00:11:02

HP:   -7/57 (60)    AC:  5    Str: 17    XL:     8   Next: 48%
MP:   8/8           EV:  2    Int: 10    God:    Gozag
Gold: 255           SH:  0    Dex: 12    Spells: 7/7 levels left

rFire   . . .        a - +0 trident (drain)
rCold   . . .        m - +1 buckler
rNeg    + . .        (helmet restricted)
rPois   .            o - amulet of reflection
rElec   .            f - ring of positive energy {rN+}
rCorr   .            A - +4 ring of protection
SInv    .            (no ring)
Will    .....        (no ring)
Stlth   ++           (no ring)
HPRegen 0.29/turn    (no ring)
MPRegen 0.11/turn    (no ring)
                     (no ring)

%: reflection
@: paralysed, gold aura, drained
A: almost no armour, amphibious, 8 rings, camouflage 1, gelatinous body 1,
(nimble swimmer 1), tentacles
a: Renounce Religion, Potion Petition, Call Merchant, Bribe Branch


You were on level 6 of the Dungeon.
You worshipped Gozag.
Gozag was aware of your devotion.
You visited 2 branches of the dungeon, and saw 7 of its levels.
You also visited: Sewer.

You collected 347 gold pieces.
You paid 92 gold pieces to Gozag.

Inventory:

Hand Weapons
 a - a +0 trident of draining (weapon)
 b - the +6 dagger of the Unkillable {venom, rPois Stlth+}
   (You found it on level 5 of the Dungeon)

   rPois:     It protects you from poison.
   Stlth+:    It makes you more stealthy.
 c - a +1 flail of venom
   (You took it off an orc on level 3 of the Dungeon)
 d - a +0 dagger of venom
   (You took it off an orc on level 3 of the Dungeon)
 h - a +2 dagger of speed
   (You took it off a goblin on level 2 of the Dungeon)
 k - a +0 morningstar
   (You found it on level 4 of the Dungeon)
 l - the +2 hand axe of Accord {venom, ^Fragile rElec rPois rF+}
   (You found it on level 2 of the Dungeon)

   rF+:       It protects you from fire.
   rElec:     It insulates you from electricity.
   rPois:     It protects you from poison.
   ^Fragile:  It will be destroyed if unequipped.
Missiles
 e - a curare-tipped dart
 i - 5 boomerangs
 j - 25 poisoned darts
 s - 17 stones
Armour
 m - a +1 buckler (worn)
Jewellery
 f - a ring of positive energy (left tentacle) {rN+}
   (You found it on level 2 of the Dungeon)
 o - an amulet of reflection (around mantle)
   (You found it on level 6 of the Dungeon)
 A - a +4 ring of protection (right tentacle)
   (You took it off an orc on level 3 of the Dungeon)
Scrolls
 p - a scroll of amnesia
 Y - 2 scrolls of teleportation {@r3}
Potions
 g - 5 potions of enlightenment
 n - 4 potions of haste {unknown}
 q - a potion of ambrosia {unknown}
 B - 3 potions of brilliance
 J - 6 potions of curing {@q1}
 N - a potion of heal wounds {@q2}


   Skills:
 + Level 7.3 Fighting
 * Level 4.2 Short Blades
 - Level 6.1 Polearms
 - Level 3.0 Dodging
 - Level 3.0 Shields


You had 7 spell levels left.
You didn't know any spells.
Your spell library contained the following spells:

 Spells                   Type           Power      Damage    Failure   Level
 Summon Small Mammal      Summ           0%         N/A       43%         1
 Sublimation of Blood     Necr           0%         N/A       58%         2
 Call Canine Familiar     Summ           0%         N/A       82%         3
 Petrify                  Alch/Erth      0%         N/A       99%         4
 Summon Blazeheart Golem  Fire/Summ      0%         N/A       99%         4
 Irradiate                Conj/Alch      0%         3d11      100%        5


Dungeon Overview and Level Annotations

Branches:
Dungeon (6/15) Zot: 26856  Temple (1/1) D:5 Zot: 5989   Sewer (visited)

Altars:
Ashenzari
Cheibriados
Dithmenos
Elyvilon
Fedhas
Gozag
Hepliaklqana
Kikubaaqudgha
Makhleb
Nemelex Xobeh
Qazlal
Ru
Sif Muna
Trog
Uskayaw
Wu Jian
Xom
Yredelemnul
Zin
The Shining One

Annotations:
D:5 2 transporters, 1 runed translucent door, Crazy Yiuf
D:6 Maggie


Innate Abilities, Weirdness & Mutations

You cannot wear most types of armour.
You are amphibious.
You can wear up to eight rings at the same time.
Your skin changes colour to match your surroundings (Stealth+).
Your rubbery body absorbs attacks. (AC +1, EV +1)
((You are camouflaged when in or above water. (Stealth+)))
You have tentacles for arms and can constrict up to eight enemies at once.


Message History

2 gnolls come into view.
The gnoll moves out of view.
The gnoll shouts!
The gnoll shouts!
A jelly comes into view.
You block the gnoll's attack.
You reach to attack!
You hit the gnoll. The gnoll barely misses you.
You reach to attack!
You puncture the gnoll!
You kill the gnoll!
You reach to attack!
You puncture the jelly! You drain the jelly. You hit the jelly.
You kill the jelly!
Your Short Blades skill increases to level 4!
You barely miss the gnoll. You grab the gnoll. You constrict the gnoll.
You block the gnoll's attack.
You puncture the gnoll! You constrict the gnoll.
You kill the gnoll!
No target in view!
You now have 237 gold pieces (gained 9).
You see here a +0 club.
You now have 244 gold pieces (gained 7).
You see here a +0 spear.
Found a stone staircase leading down.
There is a stone staircase leading down here.
An iguana and an adder come into view.
You block the adder's attack.
You miss the adder. Your grab misses the adder. You squeeze the adder.
You block the adder's attack.
You hit the adder. You grab the adder. You squeeze the adder.
You kill the adder!
You reach to attack!
You barely miss the iguana. You hit the iguana. You drain the iguana.
Your grab misses the iguana. Your squeeze misses the iguana.
The iguana bites you but does no damage.
The iguana closely misses you.
You hit the iguana but do no damage. You grab the iguana.
You constrict the iguana. You block the iguana's attack.
You puncture the iguana!
You kill the iguana!
No target in view!
Okay, then.
You now have 255 gold pieces (gained 11).
An adder comes into view.
Maggie the Vainglorious comes into view.
She is wielding a +0 glaive of draining and carrying a wand of paralysis.
The adder hisses angrily.
The adder closely misses you.
Maggie shouts!
You puncture the adder! You grab the adder. You constrict the adder.
You kill the adder!
You reach to attack!
You hit Maggie. You drain Maggie.
Maggie points at you and mumbles some strange words.
The bolt of fire hits you!!
You take 19 damage, and have 41/60 hp.
MASSIVE DAMAGE!!
Reach: a) +0 trident (drain)
Press: ? - help, Dir - move target, f/p - Maggie
Aim: Maggie, wielding a +0 glaive of draining, wearing +0 swamp dragon scales and carrying a wand of paralysis (lightly wounded, lightly drained, about 34% to evade your +0 trident of draining)
You reach to attack!
You puncture Maggie! Maggie closely misses you.
Reach: a) +0 trident (drain)
Press: ? - help, Dir - move target, f/p - Maggie
Aim: Maggie, wielding a +0 glaive of draining, wearing +0 swamp dragon scales and carrying a wand of paralysis (moderately wounded, lightly drained, about 34% to evade your +0 trident of draining)
You reach to attack!
You hit Maggie but do no damage.
Maggie mumbles some strange words.
Maggie attempts to bespell you! You resist with almost no effort.
Reach: a) +0 trident (drain)
Press: ? - help, Dir - move target, f/p - Maggie
Aim: Maggie, wielding a +0 glaive of draining, wearing +0 swamp dragon scales and carrying a wand of paralysis (moderately wounded, lightly drained, about 34% to evade your +0 trident of draining)
You reach to attack!
You barely miss Maggie.
Maggie is distracted by your dazzling golden aura.
Reach: a) +0 trident (drain)
Press: ? - help, Dir - move target, f/p - Maggie
Aim: Maggie, wielding a +0 glaive of draining, wearing +0 swamp dragon scales and carrying a wand of paralysis (moderately wounded, unaware, lightly drained, hasn't noticed you, about 34% to evade your +0 trident of draining)
You reach to attack!
You catch the helpless Maggie completely off-guard!
You hit Maggie.
Maggie is no longer distracted by gold.
Maggie barely misses you.
An acid dragon comes into view.
Reach: a) +0 trident (drain)
Press: ? - help, Dir - move target, f/p - Maggie
Aim: Maggie, wielding a +0 glaive of draining, wearing +0 swamp dragon scales and carrying a wand of paralysis (moderately wounded, lightly drained, about 34% to evade your +0 trident of draining)
You reach to attack!
You barely miss Maggie.
Maggie zaps a wand.
You suddenly lose the ability to move!
Maggie hits you from afar with a +0 glaive of draining!
You partially resist.
You feel drained. The acid dragon bites you.
The acid dragon claws you but does no damage.
Maggie completely misses you. The acid dragon barely misses you.
The acid dragon claws you but does no damage.
Maggie hits you from afar with a +0 glaive of draining!
You partially resist.
You feel drained. The acid dragon spits acid at you.
The splash of acid hits you!!
* * * LOW HITPOINT WARNING * * *
You hear an angry hiss.
You hear a shout!
The acid dragon bites you!
You die...
Your body crumbles into a pile of gold.

.# .. ##.### .....#
#...... .# ##
@......
..###.###D......
.).#.#@# #.#..##
#...## ####...#
#......# ###
#.##...##
..#######.###......
.........>.......#.#
#########.#####.##


You could see Maggie (drained) and an acid dragon (catching breath).

Vanquished Creatures
  An ice beast (D:5)
  A black bear (D:4)
  A phantom (D:5)
  2 kobold brigands (Sewer)
  3 scorpions
  A bombardier beetle (D:5)
  5 hounds
  A jelly (D:6)
  A sleepcap (D:4)
  An iguana (D:6)
  An orc wizard (D:5)
  Robin (D:2)
  6 gnolls
  10 adders
  A river rat (Sewer)
  3 white imps
  5 ribbon worms
  5 dart slugs
  21 orcs
  4 ball pythons
  7 endoplasms
  4 giant cockroaches
  19 goblins
  7 hobgoblins
  14 jackals
  14 kobolds
  7 quokkas
  3 bats
  5 frilled lizards
  9 rats
163 creatures vanquished.

Notes
Turn   | Place    | Note
-------+----------+-------------------------------------------
     0 | D:1      | sokol815 the Octopode Fighter began the quest for the Orb.
     0 | D:1      | Reached XP level 1. HP: 16/16 MP: 1/1
   188 | D:1      | Reached XP level 2. HP: 21/21 MP: 2/2
   643 | D:1      | Reached XP level 3. HP: 26/26 MP: 3/3
   818 | D:2      | Reached skill level 3 in Polearms
   911 | D:2      | Noticed Robin
   919 | D:2      | Reached XP level 4. HP: 25/33 MP: 4/4
   920 | D:2      | Reached skill level 4 in Fighting
   924 | D:2      | Killed Robin
  1432 | D:2      | Identified the +2 hand axe of Accord {venom, ^Fragile rElec
                  | rPois rF+}
  1582 | D:3      | Reached XP level 5. HP: 38/38 MP: 5/5
  1607 | D:3      | HP: 9/38 [white imp/puff of frost (3)]
  1609 | D:3      | Reached skill level 4 in Polearms
  1810 | D:3      | Found a glowing drain.
  1814 | Sewer    | Entered a sewer
  1850 | Sewer    | Noticed a kobold brigand
  1875 | Sewer    | Killed a kobold brigand
  1876 | Sewer    | Reached skill level 5 in Fighting
  1876 | Sewer    | Reached XP level 6. HP: 35/45 MP: 6/6
  1949 | Sewer    | Found a white marble altar of Elyvilon.
  2100 | D:3      | Reached skill level 5 in Polearms
  2748 | D:4      | Reached XP level 7. HP: 51/51 MP: 7/7
  2894 | D:4      | Reached skill level 6 in Fighting
  2947 | D:4      | Reached skill level 6 in Polearms
  3135 | D:4      | Found a shimmering blue altar of Sif Muna.
  3135 | D:4      | Found a snail-covered altar of Cheibriados.
  3135 | D:4      | Found a glowing golden altar of the Shining One.
  3137 | D:4      | Found a glowing silver altar of Zin.
  3137 | D:4      | Found a hazy altar of Hepliaklqana.
  3137 | D:4      | Found a hide-covered altar of Uskayaw.
  3139 | D:4      | Found a burning altar of Makhleb.
  3139 | D:4      | Found a white marble altar of Elyvilon.
  3139 | D:4      | Found a shadowy altar of Dithmenos.
  3352 | D:5      | Entered Level 5 of the Dungeon
  3488 | D:5      | Found a transporter.
  3521 | D:5      | Found a transporter.
  3549 | D:5      | Identified the +6 dagger of the Unkillable {venom, rPois
                  | Stlth+}
  3635 | D:5      | Reached skill level 1 in Short Blades
  3641 | D:5      | Reached skill level 2 in Short Blades
  3641 | D:5      | Reached XP level 8. HP: 49/58 MP: 8/8
  3762 | D:5      | Reached skill level 7 in Fighting
  3762 | D:5      | Reached skill level 3 in Short Blades
  3964 | D:5      | Found a staircase to the Ecumenical Temple.
  3972 | Temple   | Entered the Ecumenical Temple
  3977 | Temple   | Became a worshipper of Gozag Ym Sagoz the Greedy
  4032 | D:5      | Found a runed translucent door.
  4033 | D:5      | Noticed Crazy Yiuf
  4543 | D:6      | Reached skill level 4 in Short Blades
  4572 | D:6      | Noticed Maggie
  4582 | D:6      | Paralysed by Maggie for 5 turns
  4585 | D:6      | HP: 2/57 [acid dragon/splash of acid (18)]
  4586 | D:6      | Mangled by an acid dragon

Illustrated notes

Levels and vault maps discovered:
D:1:      spicycebolla_green_bress_n_ham, layout_loops_corners
D:2:      layout_basic, corner_web_ring, uniq_robin
D:3:      layout_loops_ring, gup_sewer_entry_spiral, minivault_4, minmay_vboxes
D:4:      minmay_general_purpose_star, layout_basic, nicolae_overflows_in_rows,
          wad_floor_pattern_untrapped, dk_vineyard_3, st_stairs_2
D:5:      gammafunk_wand_slinger, layout_cave_pods,
          minmay_temple_entry_glassed_door, minmay_misc_feat_iff,
          uniq_crazy_yiuf_cottage
D:6:      layout_loops_ring, gammafunk_ghost_smash, hellmonk_no_cap,
          uniq_maggie, uniq_grinder
Temple:   minmay_freezing_vapour_temple

Skill      XL: |  1  2  3  4  5  6  7  8 |
---------------+-------------------------+-----
Polearms       | 3 4 5 6 |  6.1
Fighting       | 4 5 6 7 |  7.3
Short Blades   | 2 4 |  4.2
Dodging        | |  3.0
Shields        | |  3.0

Action                     |  1- 3 |  4- 6 |  7- 9 || total
---------------------------+-------+-------+-------++-------
  Melee: Trident           |    75 |   156 |   124 ||   355
         Constrict         |    11 |    30 |    27 ||    68
         Tentacles         |     7 |    18 |    20 ||    45
    Use: Scroll            |       |     5 |     4 ||     9
         Potion            |       |     2 |       ||     2
   Stab: Sleeping          |     6 |    15 |     8 ||    29
         Distracted        |       |       |     1 ||     1
 Armour: Skin              |    17 |    42 |    36 ||    95
  Dodge: Dodged            |    18 |    46 |    39 ||   103
  Block: Buckler           |     7 |    16 |    24 ||    47

Table legend: (Time is in decaauts)
 A = Elapsed time spent in this place.
 B = Non-inter-level travel time spent in this place.
 C = Inter-level travel time spent in this place.
 D = Time resting spent in this place.
 E = Time spent auto-exploring this place.
 F = Levels seen in this place.
 G = Mean time per level.
                   A        B        C        D        E       F      G
               +--------+--------+--------+--------+--------+-----+--------+
         Total |   4624 |   4458 |    166 |    181 |   3298 |   8 |  578.0 |
       Dungeon |   4389 |   4229 |    160 |    181 |   3165 |   6 |  731.5 |
        Temple |     10 |      5 |      5 |      0 |      0 |   1 |   10.0 |
         Sewer |    224 |    224 |      0 |      0 |    133 |   1 |  224.0 |
               +--------+--------+--------+--------+--------+-----+--------+

Top non-repeatable levels by time:
     D:5: 1084 daAuts
     D:3: 922 daAuts
     D:2: 806 daAuts
     D:1: 718 daAuts
     D:4: 716 daAuts
   Sewer: 224 daAuts
     D:6: 142 daAuts
  Temple: 10 daAuts

Levels and vault maps discovered:
D:1:      spicycebolla_green_bress_n_ham, layout_loops_corners
D:2:      layout_basic, corner_web_ring, uniq_robin
D:3:      layout_loops_ring, gup_sewer_entry_spiral, minivault_4, minmay_vboxes
D:4:      minmay_general_purpose_star, layout_basic, nicolae_overflows_in_rows,
          wad_floor_pattern_untrapped, dk_vineyard_3, st_stairs_2
D:5:      gammafunk_wand_slinger, layout_cave_pods,
          minmay_temple_entry_glassed_door, minmay_misc_feat_iff,
          uniq_crazy_yiuf_cottage
D:6:      layout_loops_ring, gammafunk_ghost_smash, hellmonk_no_cap,
          uniq_maggie, uniq_grinder
Temple:   minmay_freezing_vapour_temple

Table legend: (Time is in decaauts)
 A = Elapsed time spent in this place.
 B = Non-inter-level travel time spent in this place.
 C = Inter-level travel time spent in this place.
 D = Time resting spent in this place.
 E = Time spent auto-exploring this place.
 F = Levels seen in this place.
 G = Mean time per level.
                   A        B        C        D        E       F      G
               +--------+--------+--------+--------+--------+-----+--------+
         Total |   4624 |   4458 |    166 |    181 |   3298 |   8 |  578.0 |
       Dungeon |   4389 |   4229 |    160 |    181 |   3165 |   6 |  731.5 |
        Temple |     10 |      5 |      5 |      0 |      0 |   1 |   10.0 |
         Sewer |    224 |    224 |      0 |      0 |    133 |   1 |  224.0 |
               +--------+--------+--------+--------+--------+-----+--------+

Top non-repeatable levels by time:
     D:5: 1084 daAuts
     D:3: 922 daAuts
     D:2: 806 daAuts
     D:1: 718 daAuts
     D:4: 716 daAuts
   Sewer: 224 daAuts
     D:6: 142 daAuts
  Temple: 10 daAuts

Table legend:
 A = Kills in this place as a percentage of kills in the entire game.
 B = Kills by you in this place as a percentage of kills by you in the entire game.
 C = Kills by friends in this place as a percentage of kills by friends in the entire game.
 D = Other kills in this place as a percentage of other kills in the entire game.
 E = Experience gained in this place as a percentage of experience gained in the entire game.
 F = Experience gained in this place divided by the number of levels of this place that you have seen.
                   A       B       C       D       E      F
               +-------+-------+-------+-------+-------+----------------------
         Total | 100.0 | 100.0 |   N/A |   N/A | 100.0 | 219.2
       Dungeon |  92.0 |  92.0 |   N/A |   N/A |  87.7 | 256.3
         Sewer |   8.0 |   8.0 |   N/A |   N/A |  12.3 | 216.0
               +-------+-------+-------+-------+-------+----------------------
